 Dungeon Crawl Stone Soup version 0.31-a0-1591-g515db51633 (webtiles) character file.

Game seed: 11661814661137786965

261 monsoonserge the Caller (level 6, 0/42 HPs)
             Began as a Barachi Summoner on Jan 6, 2024.
             Succumbed to a scorpion's poison
             ... on level 4 of the Dungeon.
             The game lasted 00:06:08 (2511 turns).

monsoonserge the Caller (Barachi Summoner)          Turns: 2511, Time: 00:06:09

Health: 0/42       AC:  6    Str: 10    XL:     6   Next: 18%
Magic:  6/10       EV: 12    Int: 23    God:
Gold:   129        SH:  0    Dex: 12    Spells: 5/11 levels left

rFire   + . .        u - +2 whip (venom)
rCold   . . .        (no shield)
rNeg    . . .        q - +0 leather armour
rPois   .            (no helmet)
rElec   .            p - +2 cloak
rCorr   .            (no gloves)
SInv    .            (no boots)
Will    .....        (no amulet)
Stlth   ++           c - +6 ring of intelligence
HPRegen 0.27/turn    o - ring of protection from fire
MPRegen 0.12/turn

%: no passive effects
@: brilliant, lethally poisoned (0 -> -7), inugami summoned, slow
A: amphibious, slowness 1, strong legs 1, +LOS
a: Hop


You were on level 4 of the Dungeon.
You visited 1 branch of the dungeon, and saw 4 of its levels.

You collected 129 gold pieces.

Inventory:

Hand Weapons
 i - a +2 heavy mace
 u - a +2 whip of venom (weapon)
Missiles
 k - 2 boomerangs
 l - 2 poisoned darts (quivered)
Armour
 p - a +2 cloak (worn)
 q - a +0 leather armour (worn)
 A - a +0 ring mail
Jewellery
 c - a +6 ring of intelligence (left hand)
 o - a ring of protection from fire (right hand)
 v - a +6 ring of dexterity
Scrolls
 d - 2 scrolls of blinking {unknown}
 e - a scroll of amnesia {unknown}
 g - a scroll of enchant armour {unknown}
 j - 2 scrolls of teleportation {unknown}
 m - a scroll of immolation {unknown}
 n - 2 scrolls of brand weapon {unknown}
 s - 2 scrolls of fear {unknown}
 t - a scroll of identify {unknown}
 y - a scroll of noise {unknown}
 z - a scroll of enchant weapon {unknown}
Potions
 a - a potion of cancellation
 b - a potion of magic
 f - a potion of brilliance
 h - 2 potions of enlightenment {unknown}
 r - a potion of berserk rage {unknown}
 w - a potion of might {unknown}
 x - 2 potions of curing {unknown}


   Skills:
 + Level 0.4 Fighting
 + Level 1.5 Maces & Flails
 * Level 2.8 Armour
 + Level 3.0 Dodging
 - Level 2.0 Stealth
 + Level 3.1 Spellcasting
 + Level 6.3 Summonings
 * Level 1.7 Translocations


You had 5 spell levels left.
You knew the following spells:

 Your Spells              Type           Power      Damage    Failure   Level
a - Summon Small Mammal   Summ           100%       N/A       1%          1
b - Call Canine Familiar  Summ           49%        N/A       3%          3
c - Blink                 Tloc           34%        N/A       11%         2

Your spell library contained the following spells:

 Spells                   Type           Power      Damage    Failure   Level
 Call Imp                 Summ           98%        N/A       1%          2
 Lesser Beckoning         Tloc           34%        N/A       11%         2
 Momentum Strike          Conj/Tloc      22%        3d8       16%         2
 Summon Blazeheart Golem  Fire/Summ      27%        N/A       38%         4
 Summon Lightning Spire   Summ/Air       27%        N/A       38%         4
 Animate Dead             Necr           5%         N/A       83%         4
 Borgnjor's Vile Clutch   Necr/Erth      2%         N/A       99%         5
 Death Channel            Necr           2%         N/A       100%        6


Dungeon Overview and Level Annotations

Branches:
Dungeon (4/15)
 Temple: D:4-7

Altars:
Fedhas

Annotations:
D:1 fly for $13


Innate Abilities, Weirdness & Mutations

You are amphibious.
You cover ground slowly.
You can hop short distances.
You have an extended range of vision and can be seen from far away.


Message History

Your Stealth skill increases to level 2!
Your Spellcasting skill increases to level 3!
You barely miss the scorpion. The scorpion stings you.
You closely miss the scorpion. The scorpion stings you. x2
You are poisoned.
The scorpion poisons you!
You hit the scorpion but do no damage.
The scorpion is poisoned.
You feel sick.
The scorpion stings you but does no damage.
Casting: Summon Small Mammal (safe; 1% risk of failure)
Confirm with . or Enter, or press ? or * to list all spells.
You call for your canine familiar and it appears with a howl!
You feel sick.
The scorpion stings you but does no damage.
You hit the scorpion.
The scorpion looks as sick as possible!
The scorpion is heavily wounded.
You feel sick. The scorpion stings you.
* * * LOW HITPOINT WARNING * * *
You are lethally poisoned!
The scorpion poisons you!
Your inugami hits the scorpion.
Unknown command.
You are lethally poisoned (8 -> -5).
Your inugami has been summoned.
Your movement speed is slow.
Your attack delay is about 1.0.
Your damage rating with your +2 whip of venom is about 8 (Base 6 x 100% (Str) x 102% (Skill) + 2 (Ench)).
Your base attributes are Str 10, Int 17, Dex 12.
You hit the scorpion but do no damage.
The scorpion looks as sick as possible!
The scorpion is almost dead.
* * * LOW HITPOINT WARNING * * *
You feel very sick.
You kill the scorpion!
Your inugami barely misses the kobold.
You have reached level 6!
It was a potion of cancellation.
You feel magically purged.
* * * LOW HITPOINT WARNING * * *
You feel very sick. The kobold hits you with a +0 dagger.
* * * LOW HITPOINT WARNING * * *
Your inugami hits the kobold.
It was a potion of brilliance.
You feel clever all of a sudden.
You die...

#..##$#.##B##
#<.##.#.. ..
#..##.#.#..
#..##.#.#..
#.......... ##
##.#..#.#.. :#
#.#..#.# .# ##
#......####h##.....
###..#...@K........
#..#.####.##.####
#..... .# #...#..
.< #.#...## K##
#.##.## !# #.# .#
.# #.# .# .# #. .#
.#


You could see a kobold (ally target) and a friendly inugami (summoned).

Vanquished Creatures
  A black bear (D:4)
  A scorpion (D:4)
  A hound (D:4)
  2 adders
  A dart slug (D:4)
  4 ball pythons
  3 endoplasms
  2 giant cockroaches (D:4)
  A goblin (D:3)
  3 hobgoblins
  4 kobolds
  2 quokkas
  A bat (D:1)
26 creatures vanquished.

Vanquished Creatures (collateral kills)
  An adder (D:2)
  A dart slug (D:2)
  4 endoplasms
  A goblin (D:1)
  4 hobgoblins
  2 kobolds
  2 ball pythons
  A bat (D:1)
  3 frilled lizards
19 creatures vanquished.

Grand Total: 45 creatures vanquished

Notes
Turn   | Place    | Note
-------+----------+-------------------------------------------
     0 | D:1      | monsoonserge the Barachi Summoner began the quest for the
                  | Orb.
     0 | D:1      | Reached XP level 1. HP: 13/13 MP: 3/3
    42 | D:1      | Reached skill level 5 in Summonings
   186 | D:1      | Reached XP level 2. HP: 13/19 MP: 1/5
   915 | D:2      | Reached XP level 3. HP: 24/24 MP: 3/6
   925 | D:2      | Learned a level 3 spell: Call Canine Familiar
  1110 | D:2      | Learned a level 2 spell: Blink
  1554 | D:3      | Found a blossoming altar of Fedhas.
  1896 | D:3      | Reached XP level 4. HP: 30/30 MP: 7/7
  2364 | D:4      | Noticed a black bear
  2385 | D:4      | Killed a black bear
  2386 | D:4      | Reached skill level 1 in Maces & Flails
  2386 | D:4      | Reached skill level 6 in Summonings
  2386 | D:4      | Reached skill level 1 in Translocations
  2386 | D:4      | Reached XP level 5. HP: 35/35 MP: 3/9
  2510 | D:4      | Reached XP level 6. HP: 6/42 MP: 6/10
  2510 | D:4      | HP: 2/42 [kobold/+0 dagger (2)]
  2511 | D:4      | Succumbed to a scorpion's poison

Illustrated notes

Levels and vault maps discovered:
D:1:      grunt_arrival_lava_bath, layout_basic
D:2:      layout_rooms
D:3:      mumra_celtic_spiral_tile, layout_loops_ring, fedhas_altar_3
D:4:      layout_loops_ring, minivault_25

Skill      XL: |  1  2  3  4  5 |
---------------+----------------+-----
Summonings     | 5 6 |  6.3
Dodging        | 3 |  3.0
Maces & Flails | 1 |  1.5
Armour         | 2 |  2.8
Translocations | 1 |  1.7
Stealth        | 2 |  2.0
Spellcasting   | 3 |  3.1
Fighting       | |  0.4

Action                     |  1- 3 |  4- 6 || total
---------------------------+-------+-------++-------
  Melee: Dagger            |    23 |       ||    23
         Unarmed           |     2 |       ||     2
         Mace              |    29 |       ||    29
         Whip              |     7 |    28 ||    35
   Cast: Summon Small Mamm |    24 |     5 ||    29
         Call Canine Famil |     2 |     3 ||     5
    Use: Potion            |       |     2 ||     2
   Stab: Sleeping          |     1 |     1 ||     2
 Armour: Robe              |    35 |       ||    35
         Leather armour    |    10 |    24 ||    34
  Dodge: Dodged            |    58 |    17 ||    75

Table legend: (Time is in decaauts)
 A = Elapsed time spent in this place.
 B = Non-inter-level travel time spent in this place.
 C = Inter-level travel time spent in this place.
 D = Time resting spent in this place.
 E = Time spent auto-exploring this place.
 F = Levels seen in this place.
 G = Mean time per level.
                   A        B        C        D        E       F      G
               +--------+--------+--------+--------+--------+-----+--------+
         Total |   2945 |   2768 |    177 |      0 |   1999 |   4 |  736.2 |
       Dungeon |   2945 |   2768 |    177 |      0 |   1999 |   4 |  736.2 |
               +--------+--------+--------+--------+--------+-----+--------+

Top non-repeatable levels by time:
     D:1: 1005 daAuts
     D:3: 977 daAuts
     D:2: 684 daAuts
     D:4: 278 daAuts
